 Dungeon Crawl Stone Soup version 0.24-a0-11-g46ee55f (webtiles) character file.

Game seed: 4062834888341317968

1836 Dantiko the Protected (level 9, -4/69 HPs)
             Began as a Formicid Abyssal Knight on Jan 31, 2019.
             Was a Priest of Lugonu.
             Killed from afar by an orc wizard (7 damage)
             ... with a magic dart
             ... on level 6 of the Dungeon.
             The game lasted 00:24:27 (5947 turns).

Dantiko the Protected (Formicid Abyssal Knight)     Turns: 5947, Time: 00:24:27

Health: -4/69      AC: 16    Str: 20    XL:     9   Next: 33%
Magic:  11/11      EV:  6    Int: 12    God:    Lugonu [***...]
Gold:   321        SH:  0    Dex: 10    Spells: 8/8 levels left

rFire    + . .     SeeInvis +   g - +5 flail
rCold    + . .     Gourm    .   (no shield)
rNeg     . . .     Faith    .   h - +0 plate armour
rPois    +         Spirit   .   (helmet unavailable)
rElec    .         Reflect  .   r - scarf {rC+ rF+}
rCorr    .         Harm     .   (no gloves)
MR       .....                  m - +1 pair of boots
Stlth    ..........             (no amulet)
HPRegen  0.21/turn              t - ring of teleportation (curse)
MPRegen  0.12/turn              p - ring of poison resistance

@: no status effects
A: permanent stasis, dig shafts and tunnels, four strong arms, antennae 3
a: Dig, Shaft Self, Depart the Abyss, Bend Space, Banish, Renounce Religion


You were on level 6 of the Dungeon.
You worshipped Lugonu.
Lugonu was most pleased with you.
You were not hungry.

You visited 1 branch of the dungeon, and saw 6 of its levels.
You visited the Abyss 1 time.

You collected 321 gold pieces.

Inventory:

Hand Weapons
 a - a +1 hand axe
 g - a +5 flail (weapon)
Missiles
 d - 85 arrows
 k - 80 bolts
 y - 2 throwing nets (quivered)
Armour
 h - a +0 plate armour (worn)
 m - a +1 pair of boots (worn)
 n - a scarf of cloud immunity
 r - a scarf of resistance (worn)
Jewellery
 e - an uncursed ring of ice
 f - an uncursed ring of positive energy
 l - an uncursed ring of protection from cold
 p - a ring of poison resistance (right hand)
 t - a cursed ring of teleportation (left hand)
 C - an uncursed ring of see invisible
Wands
 b - a wand of random effects (10)
 i - a wand of flame (20)
 o - a wand of iceblast (6)
Scrolls
 u - 2 scrolls of identify
Potions
 j - a potion of brilliance {unknown}
 q - a potion of agility {unknown}
 s - a potion of haste {unknown}
 w - a potion of ambrosia {unknown}
 z - 2 potions of lignification {unknown}
 A - 2 potions of curing
Comestibles
 c - 10 rations
 v - 9 chunks of flesh


   Skills:
 + Level 6.2 Fighting
 + Level 3.6(5.5) Axes
 + Level 6.3(6.8) Maces & Flails
 * Level 8.1 Armour
 - Level 0.8 Dodging
 + Level 0.2 Stealth
 + Level 3.4 Invocations


You had 8 spell levels left.
You didn't know any spells.
Your spell library was empty.

Dungeon Overview and Level Annotations

Branches:
Dungeon (6/15)             Temple (0/1) D:6

Altars:
Hepliaklqana
Nemelex Xobeh
Sif Muna
Wu Jian
The Shining One

Shops:
D:5 }


Innate Abilities, Weirdness & Mutations

You cannot be hasted, slowed, berserked, paralysed or teleported.
You can dig through walls and to a lower floor.
Your four strong arms can wield two-handed weapons with a shield.
You have a pair of large antennae on your head. (SInv)


Message History

The orc closely misses you.
You completely miss the orc warrior.
The orc warrior is severely wounded.
The orc warrior hits you with a +0 war axe!
The orc hits you but does no damage.
The orc priest invokes the aid of Beogh against you.
Beogh smites you!
* * * LOW HITPOINT WARNING * * *
Space bends around you!
You blink.
Found 18 gold pieces.
The orc priest invokes the aid of Beogh against you.
Beogh smites you!
* * * LOW HITPOINT WARNING * * *
An orc wizard comes into view. It is wielding a +0 dagger.
The orc wizard shouts!
The orc wizard gestures at you while chanting.
The magic dart hits you but does no damage.
The orc wizard casts a spell at you. The magic dart hits you!
You die...

.. #...{#.# ##
##†...#o####.#
.###.....#...$..#
....._......##..#
.#.....###o## ..
#....## #.###....
#....# #.....#
####.####.#.###
.......@#.#
##.###### #


You could see an orc wizard and an orc.

Vanquished Creatures
  Edmund (D:4)
  Duvessa (D:4)
  A necrophage (D:4)
  A phantom (D:4)
  2 ogres
  3 centaurs
  A bullfrog (D:6)
  Dowan (D:4)
  4 scorpions
  A howler monkey (D:2)
  A bullfrog zombie (D:5)
  2 crimson imps (D:5)
  A centaur zombie (D:5)
  A hound (D:5)
  A jelly (D:6)
  2 iguanas
  Terence (D:3)
  6 worker ants
  2 hound skeletons
  Robin (D:2)
  9 adders
  3 gnolls (D:3)
  3 shadow imps (D:5)
  2 oozes
  An adder skeleton (D:4)
  An adder zombie (D:5)
  2 worms (D:3)
  3 dart slugs
  5 leopard geckos
  5 orcs
  6 giant cockroaches
  15 goblins
  7 hobgoblins
  3 jackals (D:6)
  6 kobolds
  2 quokkas
  3 ball pythons
  4 bats
  4 frilled lizards
  A jackal skeleton (D:4)
  A leopard gecko zombie (D:5)
  2 quokka skeletons
  4 rats
126 creatures vanquished.

Notes
Turn   | Place    | Note
-------+----------+-------------------------------------------
     0 | Abyss:1  | Dantiko the Formicid Abyssal Knight began the quest for the
                  | Orb.
     0 | Abyss:1  | Reached XP level 1. HP: 18/18 MP: 2/2
    66 | D:1      | Escaped the Abyss
   210 | D:1      | Reached XP level 2. HP: 24/24 MP: 3/3
   227 | D:1      | Reached * piety under Lugonu
  1131 | D:2      | Reached XP level 3. HP: 29/30 MP: 5/5
  1190 | D:2      | Reached XP level 4. HP: 23/37 MP: 6/6
  1199 | D:2      | Noticed Robin
  1238 | D:2      | HP: 1/37 [Robin/+0 club (2)]
  1246 | D:2      | Killed Robin
  1246 | D:2      | Reached skill level 3 in Armour
  1556 | D:2      | Found a deep blue altar of Sif Muna.
  1898 | D:2      | Reached XP level 5. HP: 42/42 MP: 7/7
  1918 | D:2      | Found a glowing golden altar of the Shining One.
  2113 | D:2      | Found a hazy altar of Hepliaklqana.
  2381 | D:3      | Reached ** piety under Lugonu
  2442 | D:3      | Noticed Terence
  2463 | D:3      | Killed Terence
  2463 | D:3      | Reached XP level 6. HP: 15/49 MP: 8/8
  2729 | D:3      | Reached skill level 4 in Armour
  2787 | D:3      | Reached skill level 1 in Maces & Flails
  3422 | D:4      | Found a sparkling altar of Nemelex Xobeh.
  3431 | D:4      | Noticed Edmund
  3489 | D:4      | Killed Edmund
  3489 | D:4      | Reached skill level 5 in Armour
  3489 | D:4      | Reached XP level 7. HP: 18/55 MP: 9/9
  4006 | D:5      | Entered Level 5 of the Dungeon
  4035 | D:4      | Noticed Dowan
  4079 | D:4      | Killed Dowan
  4097 | D:4      | Noticed Duvessa
  4188 | D:4      | Killed Duvessa
  4188 | D:4      | Reached skill level 5 in Fighting
  4434 | D:4      | Reached skill level 6 in Armour
  4434 | D:4      | Reached XP level 8. HP: 48/62 MP: 10/10
  5073 | D:5      | Reached skill level 7 in Armour
  5205 | D:5      | Reached *** piety under Lugonu
  5414 | D:5      | Reached skill level 5 in Maces & Flails
  5415 | D:5      | Reached XP level 9. HP: 44/69 MP: 11/11
  5541 | D:5      | Found Athaj's Gadget Shoppe.
  5797 | D:6      | Found a staircase to the Ecumenical Temple.
  5820 | D:6      | Reached skill level 8 in Armour
  5907 | D:6      | Found an ornate altar of the Wu Jian Council.
  5937 | D:6      | HP: 1/69 [orc priest/divine providence (8)]
  5947 | D:6      | Killed from afar by an orc wizard

Vault maps used:
D:1:      dpeg_arrival_erosion, minivault_5
D:2:      marbit_many_paths, lemuel_blue_sif_altar, lemuel_round_altar,
          uniq_robin
D:3:      first_ration, kennysheep_nondescript, hex_medium, uniq_terence
D:4:      nemelex_xobeh_ov_fountains_minmay, uniq_duvessa, uniq_edmund
D:5:      serial_shops, kennysheep_little_box, minivault_27, hex_tiny,
          st_stairs_10, chequers_arboretum
D:6:      nicolae_overflow_crystal_walls, minmay_temple_entry_wispy,
          basic_altar, okawaru_trees_1
Abyss:2:  hangedman_decor_riveting

Skill      XL: |  1  2  3  4  5  6  7  8  9 |
---------------+----------------------------+-----
Fighting       | 4 5 6 |  6.2
Armour         | 3 5 6 7 8 |  8.1
Axes           | 3 |  3.6
Maces & Flails | 2 3 5 6 |  6.3
Invocations    | 3 |  3.4
Dodging        | |  0.8
Stealth        | |  0.2

Action                   |  1- 3 |  4- 6 |  7- 9 || total
-------------------------+-------+-------+-------++-------
Melee: Hand axe          |    59 |    79 |       ||   138
       Flail             |       |   151 |   296 ||   447
Throw: Throwing net      |       |     1 |       ||     1
Invok: Depart the Abyss  |     1 |       |       ||     1
       Bend Space        |       |     1 |     6 ||     7
  Use: Scroll            |     4 |     6 |     6 ||    16
       Potion            |       |     1 |     1 ||     2
  Eat: Chunk             |       |     8 |     9 ||    17
Armor: Leather armour    |     3 |       |       ||     3
       Plate armour      |    34 |   219 |   202 ||   455
Dodge: Dodged            |    13 |    65 |   100 ||   178

Table legend:
 A = Non-vault XP
 B = Vault XP
 C = Vault XP percentage of total XP
 D = Non-vault monster count
 E = Vault monster count
 F = Vault count percentage of total count
                 A         B        C        D         E       F
            +---------+---------+-------+---------+---------+-------
      Total |    2145 |     479 |  18.3 |     109 |      17 |  13.5
            +---------+---------+-------+---------+---------+-------
        D:1 |      26 |       0 |   0.0 |      16 |       0 |   0.0
        D:2 |     100 |      33 |  24.8 |      14 |      11 |  44.0
        D:3 |     256 |      36 |  12.3 |      25 |       1 |   3.8
        D:4 |     572 |     405 |  41.5 |      22 |       4 |  15.4
        D:5 |     818 |       5 |   0.6 |      21 |       1 |   4.5
        D:6 |     373 |       0 |   0.0 |      11 |       0 |   0.0
            +---------+---------+-------+---------+---------+-------
